 Dungeon Crawl Stone Soup version 0.31.0-11-ge490571c62 (webtiles) character file.

Game seed: 2380952427796766147

57 qw the Shooter (level 3, 0/20 HPs)
             Began as a Deep Elf Hunter on Feb 4, 2024.
             Slain by a ribbon worm (7 damage)
             ... on level 3 of the Dungeon.
             The game lasted 00:00:06 (1188 turns).

qw the Shooter (Deep Elf Hunter)                    Turns: 1188, Time: 00:00:07

Health: 0/20       AC:  6    Str: 10    XL:     3   Next: 73%
Magic:  5/5        EV:  9    Int: 13    God:
Gold:   113        SH:  0    Dex: 18    Spells: 2/2 levels left

rFire   . . .        a - +0 shortbow
rCold   . . .        (shield currently unavailable)
rNeg    . . .        b - +0 scale mail
rPois   .            (no helmet)
rElec   .            (no cloak)
rCorr   .            (no gloves)
SInv    .            (no boots)
Will    .....        (no amulet)
Stlth   +            (no ring)
HPRegen 0.23/turn    (no ring)
MPRegen 0.09/turn

%: no passive effects
@: no status effects
A: no striking features
a: no special abilities


You were on level 3 of the Dungeon.
You visited 1 branch of the dungeon, and saw 3 of its levels.

You collected 113 gold pieces.


   Skills:
 - Level 1.5 Fighting
 + Level 7.2 Ranged Weapons
 - Level 2.4 Dodging
 - Level 1.2 Stealth


You had 2 spell levels left.
You didn't know any spells.
Your spell library was empty.

Inventory:

Hand Weapons
 a - a +0 shortbow (weapon)
Armour
 b - a +0 scale mail (worn)
Scrolls
 d - 3 scrolls of teleportation
Potions
 c - a potion of enlightenment
 e - a potion of degeneration {unknown}
 f - a potion of might
 i - a potion of haste

Dungeon Overview and Level Annotations

Branches:
Dungeon (3/15)

Altars:
Zin

Portals:
Sewer: D:3


Message History

You are even more entangled.
You struggle to detach yourself from the web.
The ribbon worm expels a string of sticky webbing.
The stream of webbing hits you but does no damage.
You are even more entangled.
The web tears apart.
The ribbon worm bites you!
You shoot an arrow. The arrow hits the ribbon worm.
The ribbon worm is heavily wounded.
The ribbon worm closely misses you. The ribbon worm barely misses you.
You shoot an arrow. The arrow hits the ribbon worm!
The ribbon worm is almost dead.
The ribbon worm closely misses you.
The ribbon worm expels a string of sticky webbing.
The stream of webbing hits you but does no damage.
You are caught in a web!
The web tears apart.
The ribbon worm bites you but does no damage.
The ribbon worm splashes around in the water.
You shoot an arrow. The arrow hits the ribbon worm!
You kill the ribbon worm!
The ribbon worm barely misses you.
You shoot an arrow. The arrow hits the ribbon worm!
The ribbon worm is moderately wounded.
The ribbon worm bites you.
You shoot an arrow. The arrow hits the ribbon worm.
The ribbon worm is heavily wounded.
The ribbon worm closely misses you.
You shoot an arrow. The arrow hits the ribbon worm.
The ribbon worm is severely wounded.
The ribbon worm expels a string of sticky webbing.
The stream of webbing hits you but does no damage.
You are caught in a web!
The web tears apart.
The ribbon worm bites you!
You shoot an arrow.
The arrow barely misses the ribbon worm.
You hear the slow rusting of a drain.
The ribbon worm bites you!
You die...

#.#....#....#
#.#.##.#....##
#.#..........#
#)....<......#
#....#.#.###.######
#.................#
#.......###..##...###
#....#..###..#....~##
#............#.@w~~##
##...#######$#.#~~###
....... #...#~~#
.##.### #...#~~# ...
....##~~# .##.
...####\~~# .....
~~~. #... ~~~. ###
#~.~


You could see a ribbon worm (catching breath).

Vanquished Creatures
  A gnoll (D:1)
  A dart slug (D:2)
  5 ribbon worms
  2 endoplasms (D:2)
  A goblin (D:3)
  6 hobgoblins
  4 quokkas
  4 ball pythons (D:1)
  A bat (D:2)
  A frilled lizard (D:1)
  3 kobolds (D:2)
  4 rats
33 creatures vanquished.

Notes
Turn   | Place    | Note
-------+----------+-------------------------------------------
     0 | D:1      | qw the Deep Elf Hunter began the quest for the Orb.
     0 | D:1      | Reached XP level 1. HP: 12/12 MP: 3/3
     0 | D:1      | 0 ||| qw: Version: 0.3-a-160-g6735b56
     0 | D:1      | 0 ||| qw: Game counter: 5165
     0 | D:1      | 0 ||| qw: Melee chars always use a shield: true
     0 | D:1      | 0 ||| qw: God list: Okawaru
     0 | D:1      | 0 ||| qw: Allow faded altars: false
     0 | D:1      | 0 ||| qw: Do Orc after clearing Dungeon:15 true
     0 | D:1      | 0 ||| qw: Do second Lair branch before Depths: true
     0 | D:1      | 0 ||| qw: Lair rune preference: random
     0 | D:1      | 0 ||| qw: Goals: Normal
     0 | D:1      | 0 ||| PLANNING D:1-11
   226 | D:1      | Reached skill level 6 in Ranged Weapons
   226 | D:1      | Reached XP level 2. HP: 16/16 MP: 4/4
   387 | D:1      | You fall into a shaft and drop 1 floor!
   427 | D:2      | 427 ||| READING scroll labelled ABAIPU RAIDUIKH.
   428 | D:2      | 428 ||| READING 4 scrolls labelled KIXUSY RIMIKAMO.
   428 | D:2      | 428 ||| IDENTIFYING scroll labelled IREAPH URIRHO
   429 | D:2      | 429 ||| DROPPING scroll of butterflies.
   430 | D:2      | 430 ||| DROPPING scroll of revelation.
   469 | D:1      | Reached XP level 3. HP: 20/20 MP: 5/5
   561 | D:1      | 561 ||| UPGRADING to +0 scale mail.
   571 | D:1      | 571 ||| DROPPING +0 leather armour.
   572 | D:1      | 572 ||| READING 3 scrolls of identify.
   572 | D:1      | 572 ||| IDENTIFYING scroll labelled NOQUEV XUDABLI
   801 | D:2      | Found a faded altar of an unknown god.
   949 | D:2      | Reached skill level 7 in Ranged Weapons
   962 | D:2      | Found a glowing silver altar of Zin.
  1126 | D:2      | 1126 ||| READING 3 scrolls of identify.
  1126 | D:2      | 1126 ||| IDENTIFYING brown potion
  1127 | D:2      | 1127 ||| READING 2 scrolls of identify.
  1127 | D:2      | 1127 ||| IDENTIFYING amethyst potion
  1128 | D:2      | 1128 ||| READING scroll of identify.
  1128 | D:2      | 1128 ||| IDENTIFYING cyan potion
  1129 | D:2      | 1129 ||| READING scroll labelled OWNOCU NASHRI.
  1130 | D:2      | 1130 ||| DRINKING 2 ruby potions.
  1131 | D:2      | 1131 ||| DROPPING potion of brilliance.
  1144 | D:3      | 1144 ||| PLANNING SEWER
  1161 | D:3      | Found a glowing drain.
  1188 | D:3      | Slain by a ribbon worm

Levels and vault maps discovered:
D:1:      ebering_trefoil_twist, layout_basic, minmay_pentomino_z2
D:2:      layout_basic, basic_altar, dreamdust_ecumenical_altar_grove
D:3:      layout_basic, cheibrodos_sewer_entry_bend, serial_shops,
          nicolae_shop_tiny_statue_garden, shop, shop, shop

Skill      XL: |  1  2  3 |
---------------+----------+-----
Ranged Weapons | 6 7 |  7.2
Fighting       | |  1.5
Dodging        | |  2.4
Stealth        | |  1.2

Action                     || total
---------------------------++-------
   Fire: Shortbow          ||   121
    Use: Scroll            ||     7
         Potion            ||     1
 Armour: Leather armour    ||     7
         Scale mail        ||    18
  Dodge: Dodged            ||    25

Table legend:
 A = Non-vault XP
 B = Vault XP
 C = Vault XP percentage of total XP
 D = Non-vault monster count
 E = Vault monster count
 F = Vault count percentage of total count
                 A         B        C        D         E       F
            +---------+---------+-------+---------+---------+-------
      Total |      71 |      11 |  13.4 |      30 |       3 |   9.1
            +---------+---------+-------+---------+---------+-------
        D:1 |      33 |       2 |   5.7 |      14 |       1 |   6.7
        D:2 |      36 |       0 |   0.0 |      15 |       0 |   0.0
        D:3 |       2 |       9 |  81.8 |       1 |       2 |  66.7
            +---------+---------+-------+---------+---------+-------
